 Dungeon Crawl Stone Soup version 0.27.1-1-g398f81649c (webtiles) character file.

Game seed: 13483194648687260566

132 Squid the Conjurer (level 4, 0/24 HPs)
             Began as a Deep Elf Conjurer on Sept 14, 2021.
             Slain by a gnoll (8 damage)
             ... on level 4 of the Dungeon.
             The game lasted 00:11:48 (2931 turns).

Squid the Conjurer (Deep Elf Conjurer)              Turns: 2931, Time: 00:11:49

Health: 0/24       AC:  6    Str:  4    XL:     4   Next: 92%
Magic:  0/12       EV:  9    Int: 24    God:
Gold:   116        SH:  0    Dex: 13    Spells: 1/11 levels left

rFire    . . .     SeeInvis .   k - +0 scythe
rCold    . . .     Faith    .   (shield currently unavailable)
rNeg     . . .     Spirit   +   f - +0 ring mail
rPois    .         Reflect  .   j - +0 helmet
rElec    .         Harm     .   (no cloak)
rCorr    .         Rampage  .   (no gloves)
Will     +....                  (no boots)
Stlth    ++........             d - amulet of guardian spirit
HPRegen  0.08/turn              g - ring of willpower
MPRegen  0.13/turn              (no ring)

@: attractive, very slightly contaminated
A: no striking features
a: no special abilities


You were on level 4 of the Dungeon.
You visited 1 branch of the dungeon, and saw 4 of its levels.

You collected 116 gold pieces.

Inventory:

Hand Weapons
 c - a +0 spear
 h - a +0 falchion
 i - a +0 long sword
 k - a +0 scythe (weapon)
Armour
 a - a +2 robe
 b - a +0 robe
 f - a +0 ring mail (worn)
 j - a +0 helmet (worn)
Jewellery
 d - an amulet of guardian spirit (around neck)
 g - a ring of willpower (left hand)


   Skills:
 + Level 0.8 Armour
 + Level 2.6 Dodging
 + Level 3.0 Stealth
 + Level 4.2 Spellcasting
 + Level 5.9 Conjurations


You had one spell level left.
You knew the following spells:

 Your Spells              Type           Power      Damage    Failure   Level
a - Magic Dart            Conj           100%       1d8       4%          1
b - Searing Ray           Conj           66%        3d5       8%          2
c - Dazzling Flash        Conj/Hex       38%        N/A       45%         3
d - Iskenderun's Mystic   Conj/Tloc      19%        2d6       86%         4

Your spell library contained the following spells:

 Spells                   Type           Power      Damage    Failure   Level
 Fulminant Prism          Conj/Hex       9%         3d7       86%         4


Dungeon Overview and Level Annotations

Branches:
Dungeon (4/15)
 Temple: D:4-7

Altars:


Message History

You are held in a net!
You struggle against the net.
An adder skeleton comes into view.
You struggle against the net.
The gnoll hits you from afar with a +0 spear.
You tear a large gash into the net.
The gnoll hits you but does no damage.
You rip the net and break free!
An adder comes into view.
The gnoll closely misses you.
A worm comes into view.
The magic dart hits the gnoll.
The gnoll is severely wounded.
The adder hisses angrily.
The gnoll barely misses you.
The magic dart hits the gnoll.
You kill the gnoll!
The magic dart hits the gnoll!
The gnoll is severely wounded.
The gnoll hits you from afar with a +0 halberd!
You miscast Magic Dart.
You are very lightly contaminated with residual magic.
Nothing appears to happen.
The gnoll hits you from afar with a +0 halberd.
You are too injured to fight recklessly!
It was a potion of attraction.
You feel attractive to monsters.
The gnoll throws a throwing net.
The throwing net hits you.
You become entangled in the net!
The worm is pulled toward you!
The adder skeleton is pulled toward you!
You struggle against the net.
The adder bites you but does no damage.
The gnoll hits you from afar with a +0 halberd.
The adder skeleton is pulled toward you!
Casting: Magic Dart (safe; 4% risk of failure)
Confirm with . or Enter, or press ? or * to list all spells.
Okay, then.
You struggle against the net.
The adder bites you but does no damage. The gnoll barely misses you.
You rip the net and break free!
The adder bites you but does no damage.
The gnoll hits you from afar with a +0 halberd!
You die...

.. #... #.#
##... #..#
..... #..#
#.... ...##
##....
##...###
##.....
#......#
###...... #.#
#.###...#....
#@#
#.....####...
#ZS........###
#...
#.g##.<####.#
#.## ..)w ...#
#.. #.# #...
... ... #.#
...#$ #†.#
#### #.# .##.
#.. #.# .. #.#
#.# ..#


You could see a worm, a gnoll, an adder and an adder skeleton.

Vanquished Creatures
  An orc wizard (D:3)
  2 gnolls (D:4)
  3 adders
  2 dart slugs
  4 orcs (D:3)
  3 ball pythons
  4 endoplasms
  3 giant cockroaches
  7 goblins
  4 hobgoblins
  2 jackals (D:2)
  3 kobolds
  4 quokkas
  4 bats
  A frilled lizard (D:3)
  3 rats
50 creatures vanquished.

Notes
Turn   | Place    | Note
-------+----------+-------------------------------------------
     0 | D:1      | Squid the Deep Elf Conjurer began the quest for the Orb.
     0 | D:1      | Reached XP level 1. HP: 10/10 MP: 6/6
   173 | D:1      | Reached XP level 2. HP: 15/15 MP: 5/8
   334 | D:1      | Reached skill level 5 in Conjurations
   520 | D:1      | Learned a level 2 spell: Searing Ray
   631 | D:2      | Reached XP level 3. HP: 19/19 MP: 4/9
  1830 | D:3      | Found a faded altar of an unknown god.
  1835 | D:3      | Learned a level 3 spell: Dazzling Flash
  1906 | D:3      | Reached XP level 4. HP: 24/24 MP: 8/12
  2392 | D:3      | Learned a level 4 spell: Iskenderun's Mystic Blast
  2931 | D:4      | Slain by a gnoll

Illustrated notes

Levels and vault maps discovered:
D:1:      wander_arrival_lonely_grave, layout_basic, minmay_statues_item
D:2:      layout_basic, item_on_display_a
D:3:      layout_basic, ebering_ecumenical_altar_petrified
D:4:      layout_rooms, overflow_temple_1_default, mainiacjoe_overflow_alcove_4,
          kennysheep_mini_moat, serial_shops, shop, uniq_robin

Skill      XL: |  1  2  3  4 |
---------------+-------------+-----
Conjurations   | 5 |  5.9
Spellcasting   | 4 |  4.2
Stealth        | 3 |  3.0
Armour         | |  0.8
Dodging        | |  2.6

Action                   |  1- 3 |  4- 6 || total
-------------------------+-------+-------++-------
Melee: Falchion          |     5 |       ||     5
 Cast: Magic Dart        |    55 |    42 ||    97
       Searing Ray       |     1 |     1 ||     2
  Use: Scroll            |     4 |       ||     4
       Potion            |     2 |     1 ||     3
Armor: Robe              |     1 |       ||     1
       Ring mail         |     4 |     4 ||     8
Dodge: Dodged            |     2 |     7 ||     9
       Rpst.: Falchion   |       |     2 ||     2
